[Event "42nd Olympiad Baku 2016 Open"]
[Site "Baku"]
[Date "2016.09.08"]
[Round "6.15"]
[White "Seeman, Tarvo"]
[Black "Tin, Jingyao"]
[Result "1/2-1/2"]
[ECO "A07"]
[WhiteElo "2407"]
[BlackElo "2439"]
[Annotator ""]
[PlyCount "211"]
[EventDate "2016.??.??"]
[EventCountry "AZE"]
[SourceTitle "playchess.com"]
[Source "ChessBase"]
[WhiteTeam "Estonia"]
[BlackTeam "Singapore"]
[WhiteTeamCountry "EST"]
[BlackTeamCountry "SIN"]
[TimeControl "40/5400+30:1800+30"]

1. Nf3 {(00:00} d5 {(00:00} 2. g3 {(00:19} Nf6 {
(00:12} 3. Bg2 {(00:40} c6 {(00:08} 4. O-O {(02:
47} Bg4 {(00:06} 5. c4 {(03:14} e6 {(02:16} 6. Qb3 {
(03:49} Qc7 {(14:58} 7. d4 {(08:25} Bd6 {(02:45]
} 8. c5 {(18:51} Be7 {(00:11} 9. Bf4 {(00:20} Qc8 {
(00:12} 10. Nbd2 {(01:40} O-O {(01:58} 11. h3 {(
01:16} Bh5 {(18:08} 12. g4 {(00:53} Bg6 {(00:06} 13.
Ne5 {(02:43} Nbd7 {(03:42} 14. Nxg6 {(02:50} hxg6 {
(00:15} 15. Rac1 {(06:35} Re8 {(17:25} 16. Qg3 {
(13:40} Bf8 {(07:22} 17. Bf3 {(04:32} e5 {(05:
11} 18. dxe5 {(00:55} Nh7 {(00:06} 19. g5 {(07:55}
Nxc5 {(01:21} 20. h4 {(00:28} Qd8 {(03:28} 21. Kg2 {
(02:11} Ne6 {(05:47} 22. e3 {(00:38} Bb4 {(06:
10} 23. Nb3 {(02:46} a5 {(03:41} 24. Rcd1 {(03:13}
Nhf8 {(02:19} 25. Rh1 {(02:38} Be7 {(01:27} 26. Nd4 {
(02:24} a4 {(01:25} 27. Nxe6 {(02:42} Nxe6 {(00:
13} 28. Bg4 {(00:22} Bf8 {(02:24} 29. Bxe6 {(03:05}
Rxe6 {(00:22} 30. Qh3 {(00:41} Qb6 {(00:27} 31. h5 {
(00:17} Rae8 {(00:03} 32. hxg6 {(01:08} fxg6 {(
00:06} 33. Rd2 {(01:03} Qc5 {(01:37} 34. Bg3 {(00:24}
Rxe5 {(00:27} 35. Bxe5 {(00:32} Rxe5 {(00:01} 36. Rd4 {
(01:16} Rxg5+ {(00:32} 37. Rg4 {(00:18} Qe7 {(
00:35} 38. Rxg5 {(00:38} Qxg5+ {(00:04} 39. Qg3 {(00:
07} Qf6 {(00:57} 40. Qg4 {(00:00} b5 {(00:00} 41. Rh3
{(01:44} Qf5 {(02:21} 42. Qh4 {(02:17} Qh5 {(02:
30} 43. Qxh5 {(00:52} gxh5 {(00:03} 44. Rxh5 {(00:07}
Be7 {(01:16} 45. Kf3 {(09:17} Kf7 {(03:52} 46. e4 {
(02:24} dxe4+ {(01:30} 47. Kxe4 {(00:06} Ke6 {(
00:12} 48. f4 {(03:39} Bf6 {(02:40} 49. Rc5 {(00:50}
Kd6 {(00:33} 50. Rc2 {(00:08} c5 {(16:33} 51. b3 {
(00:45} a3 {(02:53} 52. Rd2+ {(06:06} Kc6 {(00:
26} 53. Kd3 {(00:46} Kd5 {(00:40} 54. Re2 {(00:17} c4+
{(02:07} 55. Kc2 {(00:27} b4 {(00:47} 56. bxc4+ {
(01:10} Kxc4 {(00:03} 57. Re4+ {(00:40} Bd4 {(
00:14} 58. Re8 {(01:50} Bf6 {(00:54} 59. Rc8+ {(01:35}
Kd5 {(00:09} 60. Rb8 {(00:27} Kc4 {(00:29} 61. Rb7 {
(01:21} Bb2 {(00:49} 62. Rc7+ {(01:46} Kd5 {(00:
08} 63. Kb3 {(01:22} Bc3 {(00:36} 64. Re7 {(00:22} Kd6
{(00:15} 65. Re2 {(00:58} Kd5 {(00:17} 66. Re8 {
(01:12} Kd4 {(01:04} 67. Re5 {(01:35} Bd2 {(00:
42} 68. Rg5 {(00:47} Bxf4 {(00:06} 69. Rxg7 {(00:09}
Bd2 {(00:15} 70. Rd7+ {(00:14} Ke3 {(00:08} 71. Kc4 {
(00:22} Bc3 {(00:14} 72. Rd8 {(00:55} Kf4 {(00:
46} 73. Re8 {(00:12} Kf5 {(00:07} 74. Re2 {(00:41} Kf6
{(00:14} 75. Kd5 {(00:50} Bb2 {(00:14} 76. Re3 {
(00:21} Bc3 {(00:20} 77. Rh3 {(00:57} Bb2 {(00:
35} 78. Rf3+ {(00:36} Ke7 {(00:17} 79. Re3+ {(00:09}
Kf6 {(00:20} 80. Kd6 {(00:31} Kf5 {(00:16} 81. Kd5 {
(00:41} Kf6 {(00:11} 82. Rd3 {(00:43} Bc3 {(00:
18} 83. Rh3 {(00:13} Bb2 {(00:16} 84. Rh6+ {(00:15}
Kf5 {(00:10} 85. Rb6 {(00:09} Bc3 {(00:07} 86. Rb8 {
(00:19} Kf6 {(00:20} 87. Rb7 {(00:13} Bd2 {(00:
15} 88. Rd7 {(00:40} Bc3 {(00:12} 89. Rc7 {(00:48} Bb2
{(00:24} 90. Ra7 {(00:20} Bc3 {(00:11} 91. Ra8 {
(00:24} Bb2 {(00:16} 92. Rb8 {(01:02} Bc3 {(00:
08} 93. Rb7 {(00:31} Bd2 {(00:09} 94. Rb6+ {(01:00}
Kf5 {(00:11} 95. Ra6 {(00:19} Bc3 {(00:07} 96. Ra8 {
(00:38} Kf6 {(00:14} 97. Kd6 {(00:21} Kf5 {(00:
34} 98. Kd5 {(00:22} Kf6 {(00:05} 99. Rf8+ {(00:19}
Ke7 {(00:10} 100. Rf3 {(00:25} Bb2 {(00:08} 101. Re3+ {
(00:27} Kf6 {(00:09} 102. Re6+ {(00:08} Kf5 {(
00:08} 103. Re3 {(00:58} Kf6 {(00:10} 104. Kd6 {(00:22]
} Kf5 {(00:12} 105. Kd5 {(00:15} Kf6 {(00:07} 106. Rf3+
1/2-1/2

[Event "42nd Olympiad Baku 2016 Open"]
[Site "Baku"]
[Date "2016.09.08"]
[Round "6.5"]
[White "Seijp V/d, Quintin"]
[Black "Rehan, Deng Cypriano"]
[Result "1-0"]
[ECO "B90"]
[WhiteElo "1924"]
[BlackElo "1899"]
[Annotator ""]
[PlyCount "109"]
[EventDate "2016.??.??"]
[EventCountry "AZE"]
[SourceTitle "playchess.com"]
[Source "ChessBase"]
[WhiteTeam "ARU"]
[BlackTeam "SSD"]
[TimeControl "40/5400+30:1800+30"]

1. e4 {(00:00} c5 {(00:00} 2. Nf3 {(00:00} d6 {(
00:00} 3. d4 {(00:00} cxd4 {(00:02} 4. Nxd4 {(00:00}
Nf6 {(00:11} 5. Nc3 {(00:03} a6 {(00:10} 6. Be3 {
(00:12} e6 {(00:17} 7. f3 {(00:15} Be7 {(00:19}
8. Qd2 {(00:13} Qc7 {(00:21} 9. O-O-O {(03:39} Nbd7 {
(00:49} 10. g4 {(05:40} Ne5 {(01:07} 11. g5 {(
09:10} Nfd7 {(01:30} 12. f4 {(08:51} Nc4 {(03:50} 13.
Bxc4 {(00:14} Qxc4 {(00:32} 14. f5 {(13:25} Nc5 {
(09:06} 15. Qf2 {(14:48} e5 {(08:52} 16. Kb1 {(
06:51} Na4 {(07:36} 17. Nd5 {(11:30} exd4 {(08:04} 18.
Rxd4 {(00:26} Qc6 {(01:09} 19. Rxa4 {(00:22} Qxa4 {
(00:57} 20. Nc7+ {(00:03} Kd7 {(11:20} 21. Nxa8 {
(02:01} Qxe4 {(01:48} 22. Re1 {(08:02} Qg4 {(02:
52} 23. Nb6+ {(06:06} Kc6 {(01:26} 24. Qd2 {(03:52}
Kc7 {(03:36} 25. Nd5+ {(01:25} Kb8 {(03:11} 26. Nxe7 {
(00:36} Rd8 {(01:39} 27. Qd4 {(00:54} Qxd4 {(00:
38} 28. Bxd4 {(00:02} g6 {(01:21} 29. Nxc8 {(00:13}
Kxc8 {(00:41} 30. fxg6 {(02:01} hxg6 {(00:04} 31. Re7 {
(00:51} Rd7 {(00:29} 32. Rxd7 {(00:12} Kxd7 {(
00:01} 33. Kc1 {(00:15} Ke6 {(00:17} 34. h4 {(00:18}
Kd5 {(00:52} 35. Bf2 {(00:29} Ke4 {(00:17} 36. Kd2 {
(00:04} Kf3 {(00:06} 37. Be1 {(00:21} d5 {(00:
28} 38. Kd3 {(00:10} b5 {(00:43} 39. Kd4 {(00:09} Ke2
{(00:18} 40. Ba5 {(00:00} Kd1 {(00:00} 41. c3 {(
01:17} Kc2 {(00:43} 42. b3 {(00:35} Kb2 {(00:54} 43.
a4 {(00:16} bxa4 {(00:44} 44. bxa4 {(00:02} Kb3 {
(00:08} 45. Kxd5 {(00:06} Kxa4 {(00:13} 46. Bb4 {
(00:19} a5 {(00:26} 47. Bxa5 {(00:04} Kxa5 {(00:
02} 48. c4 {(00:30} Kb6 {(00:14} 49. Kd6 {(00:05} Kb7
{(00:22} 50. c5 {(00:16} Kc8 {(00:03} 51. Kc6 {(
00:08} Kd8 {(00:30} 52. Kb7 {(00:05} Ke7 {(00:38} 53.
c6 {(00:06} f5 {(00:05} 54. gxf6+ {(00:08} Kxf6 {
(00:15} 55. c7 {(00:03} 1-0

[Event "42nd Olympiad Baku 2016 Open"]
[Site "Baku"]
[Date "2016.09.08"]
[Round "6.3"]
[White "Semedo, Adelino"]
[Black "Thorsteinsson, Sjurdur"]
[Result "0-1"]
[ECO "E61"]
[WhiteElo "1671"]
[BlackElo "2187"]
[Annotator ""]
[PlyCount "154"]
[EventDate "2016.??.??"]
[EventCountry "AZE"]
[SourceTitle "playchess.com"]
[Source "ChessBase"]
[WhiteTeam "STP"]
[BlackTeam "Faroe Islands"]
[BlackTeamCountry "FAI"]
[TimeControl "40/5400+30:1800+30"]

1. d4 {(00:00} Nf6 {(00:00} 2. c4 {(00:00} g6 {(
00:19} 3. Nc3 {(00:00} Bg7 {(00:07} 4. Bg5 {(00:43} d6
{(01:11} 5. Nf3 {(00:48} c6 {(03:22} 6. e3 {(02:
39} O-O {(00:56} 7. Be2 {(02:00} Qc7 {(01:27} 8. O-O {
(05:02} Nbd7 {(01:02} 9. Rc1 {(02:29} a5 {(02:
40} 10. a3 {(03:03} e5 {(02:50} 11. d5 {(02:11} h6 {
(10:41} 12. Bh4 {(00:45} g5 {(12:11} 13. Bg3 {(
00:14} Ne8 {(06:23} 14. Nd2 {(02:23} f5 {(01:51} 15.
f4 {(02:31} gxf4 {(05:57} 16. exf4 {(00:57} e4 {
(01:27} 17. Bf2 {(02:53} Ndf6 {(04:46} 18. Kh1 {
(03:09} Qe7 {(03:57} 19. Be3 {(02:08} Kh8 {(04:
47} 20. Rg1 {(02:12} Nc7 {(01:53} 21. Nf1 {(04:11} Rd8
{(05:58} 22. Ng3 {(03:41} c5 {(02:52} 23. Nh5 {(
01:56} Nxh5 {(04:55} 24. Bxh5 {(00:11} Rg8 {(00:41}
25. g4 {(10:30} Bf6 {(01:19} 26. Bxc5 {(05:45} dxc5 {
(04:51} 27. d6 {(00:19} Qd7 {(01:55} 28. dxc7 Bd4 29.
Rg2 {(03:42} Qxc7 {(00:55} 30. Nd5 {(01:50} Qd6 {
(00:22} 31. Qe1 {(07:37} Be6 {(01:14} 32. Qh4 {(
02:46} Bxd5 {(00:59} 33. cxd5 {(00:23} Qxf4 {(00:17}
34. Rd1 {(05:36} Raf8 {(00:59} 35. Qh3 {(02:45} Qf3 {
(05:19} 36. Qxf3 {(00:02} exf3 {(00:06} 37. Rg3 {
(01:57} f2 {(01:23} 38. d6 {(03:06} fxg4 {(01:
00} 39. Kg2 {(00:05} Rd8 {(01:10} 40. b4 {(03:44} axb4
{(00:11} 41. axb4 {(00:03} b6 {(00:16} 42. Bxg4 {
(04:11} Rxd6 {(00:28} 43. bxc5 {(00:51} bxc5 {(
00:08} 44. Be2 {(01:38} Rf6 {(00:50} 45. Bc4 {(02:05}
Rxg3+ {(00:13} 46. hxg3 {(00:54} Kg7 {(00:10} 47. Rh1 {
(01:35} Kg6 {(01:18} 48. Rh4 {(02:23} Kg5 {(02:
20} 49. Bf1 {(01:02} Kf5 {(00:53} 50. Bc4 {(02:21} Ke5
{(00:22} 51. Kf1 {(01:34} Kd6 {(00:41} 52. Bb5 {
(00:20} Kd5 {(00:31} 53. Rh5+ {(01:03} Ke4 {(00:
35} 54. Kg2 {(04:00} Ke3 {(00:31} 55. Rh1 {(00:12} Rb6
{(01:13} 56. Bc4 {(00:28} Kd2 {(01:27} 57. Bf1 {
(01:31} Kc3 {(02:58} 58. Be2 {(00:29} Re6 {(00:
36} 59. Bb5 {(02:23} Kd2 {(01:54} 60. Bc4 {(00:40} Rf6
{(07:52} 61. Bf1 {(01:12} Ke3 {(00:51} 62. Bc4 {
(00:49} Rb6 {(03:50} 63. Bf1 {(00:33} Rb4 {(03:
19} 64. Rxh6 {(01:58} c4 {(00:10} 65. Re6+ {(06:36}
Kd2 {(00:43} 66. Re2+ {(01:11} Kd1 {(03:44} 67. Ra2 {
(01:42} c3 {(01:21} 68. Bd3 {(00:51} Bb6 {(03:
32} 69. Kf1 {(02:41} Rd4 {(02:53} 70. Bc2+ {(03:27}
Kc1 {(00:07} 71. Bb3 {(01:05} Re4 {(01:36} 72. Re2 {
(01:00} Rb4 {(01:33} 73. Bc2 {(01:07} Rg4 {(02:
03} 74. Kg2 Rxg3+ {(00:42} 75. Kxg3 {(02:50} f1=Q {(00:
14} 76. Bd3 {(01:11} Qxe2 {(00:55} 77. Bxe2 {(00:19}
Kd2 {(00:04} 0-1

[Event "42nd Olympiad Baku 2016 Open"]
[Site "Baku"]
[Date "2016.09.08"]
[Round "6.34"]
[White "Shengelia, David"]
[Black "Capo Vidal, Uriel"]
[Result "0-1"]
[ECO "D37"]
[WhiteElo "2573"]
[BlackElo "2314"]
[Annotator ""]
[PlyCount "104"]
[EventDate "2016.??.??"]
[EventCountry "AZE"]
[SourceTitle "playchess.com"]
[Source "ChessBase"]
[WhiteTeam "Austria"]
[BlackTeam "Mexico"]
[WhiteTeamCountry "AUT"]
[BlackTeamCountry "MEX"]
[TimeControl "40/5400+30:1800+30"]

1. d4 {(00:00} d5 {(00:00} 2. c4 {(00:00} e6 {(
00:00} 3. Nc3 {(00:06} Nf6 {(00:08} 4. Nf3 {(00:58}
Nbd7 {(00:20} 5. e3 {(00:24} a6 {(01:33} 6. c5 {
(05:16} c6 {(00:32} 7. b4 {(04:06} b6 {(03:27}
8. Bd2 {(03:30} Ne4 {(10:32} 9. Bd3 {(07:54} f5 {
(02:58} 10. O-O {(00:56} a5 {(07:26} 11. b5 {(
05:41} bxc5 {(00:56} 12. bxc6 {(00:09} Ndf6 {(01:59}
13. Bb5 {(00:57} Qc7 {(00:27} 14. Ba4 {(04:37} Nxc3 {
(09:07} 15. Bxc3 {(00:02} Ne4 {(00:15} 16. Qc2 {
(01:41} Nxc3 {(04:30} 17. Qxc3 {(00:04} c4 {(00:
05} 18. Ne5 {(00:20} Bb4 {(04:13} 19. Qc2 {(00:17} O-O
{(00:11} 20. f4 {(00:40} Qd6 {(06:21} 21. Rfb1 {
(02:26} Ra7 {(05:50} 22. Qb2 {(12:30} Ba3 {(01:
39} 23. Qb6 {(03:49} Ra8 {(10:44} 24. Nd7 {(31:56}
Bxd7 {(07:47} 25. cxd7 {(00:04} Rab8 {(00:11} 26. Qxd6
{(00:34} Bxd6 {(00:09} 27. Bc6 {(00:24} Kf7 {(
02:32} 28. Kf2 {(02:08} Ke7 {(00:12} 29. Bb5 {(00:15}
Ba3 {(00:19} 30. Ke2 {(00:51} Rb6 {(06:56} 31. Ba4 {
(00:06} Bb2 {(01:28} 32. a3 {(00:24} Rfb8 {(00:
09} 33. Ra2 {(00:23} Bxd4 {(00:24} 34. Rxb6 {(00:55}
Bxb6 {(00:05} 35. Rb2 {(00:28} Bc7 {(00:06} 36. Rxb8 {
(03:08} Bxb8 {(00:06} 37. Bb5 {(00:22} Bd6 {(02:
03} 38. a4 {(00:03} g5 {(00:21} 39. fxg5 {(05:26} Bxh2
{(00:17} 40. Kf3 {(00:00} Bg1 {(00:00} 41. Ke2 {
(03:15} c3 {(02:54} 42. Bd3 {(10:19} Kxd7 {(00:
12} 43. g4 {(00:10} fxg4 {(00:12} 44. Bxh7 {(00:05}
Bh2 {(00:22} 45. Bg6 {(03:04} Be5 {(00:10} 46. Bh5 {
(00:15} g3 {(00:07} 47. Bf3 {(00:03} Kd6 {(00:
37} 48. Ke1 {(02:02} Kc5 {(00:14} 49. Bd1 {(00:35} d4
{(01:40} 50. exd4+ {(00:40} Kxd4 {(00:07} 51. Ke2 {
(00:31} g2 {(00:06} 52. Kf2 {(00:04} Kd3 {(00:
05} 0-1

[Event "42nd Olympiad Baku 2016 Open"]
[Site "Baku"]
[Date "2016.09.08"]
[Round "6.9"]
[White "Shrestha, Keshav"]
[Black "Rios, Cristhian Camilo"]
[Result "0-1"]
[ECO "B22"]
[WhiteElo "2099"]
[BlackElo "2489"]
[Annotator ""]
[PlyCount "102"]
[EventDate "2016.??.??"]
[EventCountry "AZE"]
[SourceTitle "playchess.com"]
[Source "ChessBase"]
[WhiteTeam "Nepal"]
[BlackTeam "Colombia"]
[WhiteTeamCountry "NEP"]
[BlackTeamCountry "COL"]
[TimeControl "40/5400+30:1800+30"]

1. e4 {(00:00} c5 {(00:00} 2. c3 {(00:00} Nf6 {(
00:00} 3. e5 {(00:00} Nd5 {(00:00} 4. d4 {(00:09} cxd4
{(00:02} 5. Nf3 {(00:27} Nc6 {(07:00} 6. Bc4 {(
00:18} Nb6 {(00:39} 7. Bb3 {(00:09} d6 {(02:34} 8.
exd6 {(01:14} Qxd6 {(00:41} 9. cxd4 {(04:04} Be6 10.
O-O {(02:45} Bxb3 {(01:19} 11. Qxb3 {(01:30} e6 {
(04:52} 12. a3 {(08:32} Be7 {(02:47} 13. Be3 {(
02:44} O-O {(01:28} 14. Nc3 {(02:38} Rac8 {(05:58} 15.
Rfd1 {(05:05} Na5 {(01:18} 16. Qc2 {(05:13} Nd5 {
(01:21} 17. Rd3 {(05:58} b5 {(10:11} 18. Qe2 {(
03:49} Nxc3 {(00:38} 19. bxc3 {(06:38} Nc4 {(03:15}
20. Bc1 {(13:21} a5 {(07:25} 21. Nd2 {(02:07} Qd5 {
(04:25} 22. Ne4 {(05:07} f5 {(00:47} 23. Nd2 {(
02:42} Bd6 {(03:24} 24. Rh3 {(01:37} h6 {(00:20} 25.
a4 {(03:37} b4 {(02:17} 26. Nxc4 {(02:20} Qxc4 {
(00:50} 27. Qxc4 {(03:26} Rxc4 {(00:08} 28. cxb4 {
(00:41} Rfc8 {(02:18} 29. Bb2 {(05:54} Rc2 {(11:
22} 30. Rb3 {(01:13} Bxb4 {(00:06} 31. Rd1 {(05:34}
Re2 {(00:54} 32. Bc1 {(01:48} Rcc2 {(02:21} 33. Be3 {
(03:04} Be1 {(01:13} 34. h4 {(02:10} Bxf2+ {(00:
45} 35. Bxf2 {(00:05} Rxf2 {(00:06} 36. Rg3 {(00:03}
Rfd2 {(01:38} 37. Re1 {(00:54} Rxd4 {(00:07} 38. Rxe6 {
(01:11} Rc1+ {(00:55} 39. Kf2 {(00:34} Rxa4 {(
00:06} 40. Rd3 {(00:00} Rxh4 {(00:00} 41. Re5 {(04:17}
Rc2+ {(05:22} 42. Kf3 {(02:51} Rh1 {(02:24} 43. Rxa5 {
(01:17} Rf1+ {(00:07} 44. Kg3 {(01:14} f4+ {(00:
07} 45. Kh3 {(01:03} Rh1+ {(00:12} 46. Kg4 {(00:03}
Rxg2+ {(00:06} 47. Kxf4 {(00:29} Rf1+ {(00:21} 48. Ke4
{(01:08} Rg4+ {(00:06} 49. Ke3 {(00:16} Rg3+ {(
00:04} 50. Ke2 {(00:10} Rxd3 {(00:08} 51. Kxf1 {(00:10]
} Rd2 {(00:05} 0-1

[Event "42nd Olympiad Baku 2016 Open"]
[Site "Baku"]
[Date "2016.09.08"]
[Round "6.35"]
[White "Sie Thu"]
[Black "Gonza, Simon"]
[Result "1-0"]
[ECO "B23"]
[WhiteElo "2148"]
[BlackElo "2096"]
[Annotator ""]
[PlyCount "139"]
[EventDate "2016.??.??"]
[EventCountry "AZE"]
[SourceTitle "playchess.com"]
[Source "ChessBase"]
[WhiteTeam "Myanmar"]
[BlackTeam "Uganda"]
[WhiteTeamCountry "MYA"]
[BlackTeamCountry "UGA"]
[TimeControl "40/5400+30:1800+30"]

1. e4 {(00:00} c5 {(00:08} 2. Nc3 {(00:00} Nc6 {
(00:39} 3. f4 {(00:02} g6 {(01:33} 4. Nf3 {(00:
20} Bg7 {(00:30} 5. Bb5 {(00:26} Nd4 {(02:21} 6. O-O {
(00:38} Nxb5 {(06:08} 7. Nxb5 {(00:08} a6 {(00:
11} 8. Nc3 {(00:21} e6 {(00:34} 9. d3 {(01:20} Ne7 {
(00:27} 10. Qe1 {(02:30} O-O {(01:01} 11. f5 {(
02:35} exf5 {(05:49} 12. Qh4 {(01:48} fxe4 {(04:52}
13. dxe4 {(03:40} d5 {(07:15} 14. Bh6 {(07:43} f6 {
(09:08} 15. Bxg7 {(03:29} Kxg7 {(00:07} 16. exd5 {
(05:16} b5 {(09:36} 17. Rad1 {(09:33} Bb7 {(05:
53} 18. d6 {(18:23} Nf5 {(04:11} 19. Qf4 {(01:45} Qd7
{(03:17} 20. Nd5 {(07:06} Rae8 {(05:46} 21. g4 {
(10:08} Bxd5 {(08:23} 22. Rxd5 {(08:07} Ne3 {(
06:52} 23. Rxc5 {(00:24} Qxg4+ {(00:28} 24. Qxg4 {(00:
07} Nxg4 {(00:14} 25. a4 {(07:46} b4 {(09:39} 26. Nd4
{(02:41} Re4 {(02:31} 27. Nc6 {(02:02} Ne5 {(01:
06} 28. Rd1 {(04:27} Nxc6 {(03:55} 29. Rxc6 {(00:01}
Rd8 {(00:49} 30. Rxa6 {(00:08} g5 {(00:23} 31. Rc6 {
(00:47} Kg6 {(00:35} 32. a5 {(00:23} Re5 {(00:
51} 33. a6 {(00:18} Ra5 {(00:03} 34. d7 {(01:06} Kf7 {
(00:24} 35. c3 {(01:23} bxc3 {(00:19} 36. bxc3 {
(00:08} Ke7 {(00:34} 37. Rcd6 {(00:05} Rc5 {(00:
46} 38. R6d3 {(00:32} Ra5 {(00:27} 39. Re3+ {(00:28}
Kf7 {(00:23} 40. Rd6 {(00:00} Rc5 {(00:00} 41. Re8 {
(09:45} Rxe8 {(09:27} 42. Rxf6+ {(00:16} Ke7 {(
00:22} 43. dxe8=Q+ {(00:13} Kxe8 {(00:27} 44. Rb6 {(01:
03} Kd7 {(04:22} 45. a7 {(00:33} Ra5 {(02:28} 46. Rh6
{(00:37} Ra2 {(01:29} 47. Rxh7+ {(00:26} Kd6 {(
01:45} 48. Rg7 {(01:27} g4 {(00:51} 49. Rxg4 {(03:14}
Rxa7 {(00:05} 50. h4 {(01:01} Rc7 {(02:57} 51. c4 {
(00:48} Ke6 {(01:36} 52. Kg2 {(00:27} Kf6 {(00:
23} 53. Kf3 {(00:21} Kf5 {(03:03} 54. Rg5+ {(00:36}
Kf6 {(00:06} 55. c5 {(00:11} Ra7 {(01:10} 56. Ke4 {
(01:20} Ra4+ {(02:53} 57. Kd5 {(00:14} Rxh4 {(
00:11} 58. Re5 {(00:08} Rh1 {(01:21} 59. Re2 {(00:10}
Rc1 {(02:59} 60. Kd6 {(00:12} Rd1+ {(00:20} 61. Kc7 {
(00:07} Rc1 {(01:50} 62. c6 {(00:05} Rc3 {(00:
14} 63. Kd7 {(00:15} Rd3+ {(01:48} 64. Kc8 {(00:06}
Rc3 {(00:15} 65. c7 {(00:05} Rc4 {(00:52} 66. Kd7 {
(00:19} Rd4+ {(00:08} 67. Kc6 {(00:09} Rc4+ {(
00:36} 68. Kd6 {(00:01} Rc1 {(01:00} 69. Rf2+ {(00:07}
Kg7 {(00:34} 70. Rd2 {(00:15} 1-0

[Event "42nd Olympiad Baku 2016 Open"]
[Site "Baku"]
[Date "2016.09.08"]
[Round "6.23"]
[White "Sikivou, Taione"]
[Black "Alothman, Abdul Wahab"]
[Result "1-0"]
[ECO "C10"]
[WhiteElo "1812"]
[BlackElo "2056"]
[Annotator ""]
[PlyCount "95"]
[EventDate "2016.??.??"]
[EventCountry "AZE"]
[SourceTitle "playchess.com"]
[Source "ChessBase"]
[WhiteTeam "Fiji"]
[BlackTeam "Kuwait"]
[WhiteTeamCountry "FIJ"]
[BlackTeamCountry "KUW"]
[TimeControl "40/5400+30:1800+30"]

1. e4 {(00:00} e6 {(00:00} 2. Nc3 {(00:26} d5 {(
00:00} 3. d4 {(00:58} dxe4 {(01:22} 4. Nxe4 {(00:08}
Nf6 {(00:09} 5. Bd3 {(00:50} Nbd7 {(04:10} 6. Nf3 {
(02:48} Be7 {(04:58} 7. O-O {(00:37} O-O {(03:
17} 8. c3 {(03:12} b6 {(05:43} 9. Bf4 {(05:19} Bb7 {
(02:25} 10. Qe2 {(08:54} Nd5 {(12:38} 11. Bd2 {(
05:15} c5 {(05:22} 12. Neg5 {(11:46} N7f6 {(12:16} 13.
Ne5 {(15:00} cxd4 {(01:03} 14. Nexf7 {(04:11} Rxf7 {
(00:34} 15. Qxe6 {(01:09} Qe8 {(03:30} 16. Bb5 {
(08:42} Qf8 {(20:08} 17. cxd4 {(08:15} h6 {(01:
59} 18. Nxf7 {(01:40} Qxf7 {(00:07} 19. Qxf7+ {(01:28}
Kxf7 {(00:05} 20. Bc4 {(01:13} Bd6 {(04:06} 21. Rfe1 {
(02:09} g5 {(03:33} 22. a3 {(02:59} Kg7 {(01:10]
} 23. Re6 {(01:35} Rd8 {(00:10} 24. Rae1 {(00:29} Bc8 {
(01:05} 25. Bxd5 {(00:54} Nxd5 {(00:31} 26. Re8 {
(00:28} Rxe8 {(02:20} 27. Rxe8 {(00:01} Bf5 {(
00:44} 28. Rd8 {(00:46} Bf4 {(04:16} 29. Rxd5 {(00:57}
Be6 {(00:28} 30. Bxf4 {(04:47} Bxd5 {(00:18} 31. Bb8 {
(00:15} a6 {(00:33} 32. Bc7 {(00:37} b5 {(00:09]
} 33. f3 {(00:35} Kg6 {(00:44} 34. Kf2 {(00:20} Kf5 {
(01:54} 35. g4+ {(01:38} Kg6 {(01:56} 36. Kg3 {(
00:08} h5 {(00:45} 37. gxh5+ {(02:37} Kxh5 {(00:08}
38. h3 {(00:42} Be6 {(01:01} 39. Bd6 {(01:37} Kg6 {
(02:28} 40. f4 {(00:00} Kf5 {(00:00} 41. fxg5 {(
03:31} Kxg5 {(01:21} 42. h4+ {(00:24} Kf5 {(00:50} 43.
Kf3 {(01:21} Bf7 {(02:53} 44. Be7 {(02:15} Ke6 {
(01:02} 45. Bb4 {(02:25} Kd5 {(00:53} 46. Bc3 {(
00:43} Ke6 {(01:00} 47. Kf4 {(01:33} Be8 {(02:20} 48.
Kg5 {(00:38} 1-0

[Event "42nd Olympiad Baku 2016 Open"]
[Site "Baku"]
[Date "2016.09.08"]
[Round "6.2"]
[White "Silva, David"]
[Black "Adu, Oladapo"]
[Result "0-1"]
[ECO "B28"]
[WhiteElo "2276"]
[BlackElo "2334"]
[Annotator ""]
[PlyCount "98"]
[EventDate "2016.??.??"]
[EventCountry "AZE"]
[SourceTitle "playchess.com"]
[Source "ChessBase"]
[WhiteTeam "Angola"]
[BlackTeam "Nigeria"]
[WhiteTeamCountry "ANG"]
[BlackTeamCountry "NGR"]
[TimeControl "40/5400+30:1800+30"]

1. e4 {(00:00} c5 {(00:00} 2. Nf3 {(00:00} a6 {(
00:00} 3. c4 {(01:06} Nc6 {(00:30} 4. d4 {(00:16} cxd4
{(01:32} 5. Nxd4 {(00:06} d6 {(00:25} 6. Nc3 {(
01:00} Nf6 {(00:29} 7. Be2 {(00:04} g6 {(00:11} 8. Be3
{(00:50} Bg7 {(00:17} 9. O-O {(00:08} O-O {(00:
20} 10. Rc1 {(00:32} Bd7 {(01:01} 11. f3 {(02:20} Rc8
{(03:28} 12. Qd2 {(00:24} Re8 {(01:16} 13. Rfd1 {
(00:43} Qa5 {(01:34} 14. Nb3 {(00:15} Qc7 {(07:
56} 15. Nd5 {(08:01} Qb8 {(00:02} 16. c5 {(00:06} Nxd5
{(02:55} 17. exd5 {(00:19} Ne5 {(03:56} 18. Bd4 {
(07:40} Ba4 {(03:37} 19. f4 {(00:20} Bxb3 {(00:
05} 20. axb3 {(00:04} Nd7 {(00:24} 21. Bxg7 {(01:42}
Kxg7 {(00:08} 22. Qd4+ {(00:43} Kg8 {(00:11} 23. b4 {
(00:32} Qc7 {(27:52} 24. c6 {(04:07} Nb8 {(00:
24} 25. Bg4 {(00:34} f5 {(10:26} 26. Be2 {(00:32} bxc6
{(00:33} 27. dxc6 {(00:04} Nxc6 {(03:15} 28. Bc4+ {
(02:28} e6 {(00:38} 29. Qxd6 {(00:46} Qa7+ {(06:
54} 30. Kh1 {(00:52} Kf7 {(00:02} 31. Re1 {(01:48} Nd4
{(00:19} 32. b3 {(03:33} Rc6 {(03:17} 33. Qe5 {(
00:27} Qb6 {(09:57} 34. Ra1 {(06:19} Nb5 {(02:52} 35.
Rxa6 {(01:39} Qxa6 {(00:52} 36. Bxb5 {(00:09} Qb6 {
(00:31} 37. Bxc6 {(00:09} Qxc6 {(00:00} 38. h3 {
(01:00} Rd8 {(00:46} 39. Ra1 {(02:07} Qb6 {(02:
48} 40. Rc1 {(00:00} Rd7 {(00:00} 41. b5 {(01:21} Qd4
{(08:11} 42. Rc7 {(00:17} Qxe5 43. Rxd7+ {(00:06} Ke8 {
(00:17} 44. fxe5 {(00:09} Kxd7 {(00:00} 45. Kg1 {
(02:00} Kc7 {(00:26} 46. Kf2 {(00:02} Kb6 {(00:
19} 47. Ke3 {(00:02} g5 {(02:29} 48. g3 {(05:49} Kxb5
{(00:15} 49. h4 {(00:50} gxh4 0-1